 Dungeon Crawl Stone Soup version 0.29-a0-717-g6dac4ea (webtiles) character file.

Game seed: 10440436401388885853

3 Dawnplanks the Trooper (level 1, 11/20 HPs)
             Began as a Minotaur Berserker on June 26, 2022.
             Was a Follower of Trog.
             Quit the game on level 1 of the Dungeon.
             The game lasted 00:00:18 (22 turns).

Dawnplanks the Trooper (Minotaur Berserker)           Turns: 22, Time: 00:00:19

Health: 11/20      AC:  2    Str: 21    XL:     1   Next: 41%
Magic:  0/0        EV: 12    Int:  4    God:    Trog [*.....]
Gold:   0          SH:  0    Dex:  9    Spells: 0/0 levels left

rFire   . . .      SeeInvis .   a - +0 hand axe
rCold   . . .      Faith    .   (no shield)
rNeg    . . .      Spirit   .   b - +0 animal skin
rPois   .          Reflect  .   (helmet restricted)
rElec   .          Harm     .   (no cloak)
rCorr   .          Rampage  .   (no gloves)
Will    .....                   (no boots)
Stlth   +.........              (no amulet)
HPRegen 0.06/turn               (no ring)
MPRegen 0.07/turn               (no ring)

@: no status effects
A: horns 2, retaliatory headbutt
a: Renounce Religion, Berserk


You were on level 1 of the Dungeon.
You worshipped Trog.
Trog was aware of your devotion.
You visited 1 branch of the dungeon, and saw 1 of its levels.

Inventory:

Hand Weapons
 a - a +0 hand axe (weapon)
Armour
 b - a +0 animal skin (worn)
Scrolls
 c - a scroll of identify {unknown}


   Skills:
 + Level 3.8 Fighting
 - Level 3.6 Axes
 + Level 2.5 Armour
 + Level 2.2 Dodging


You couldn't memorise any spells.
You didn't know any spells.
Your spell library was empty.

Dungeon Overview and Level Annotations

Branches:
Dungeon (1/15)

Altars:


Innate Abilities, Weirdness & Mutations

You have a pair of horns on your head.
You reflexively headbutt those who attack you in melee.


Message History

Found a scroll labelled VEEGOPH NUKOEM.
Found two stairs.
c - a scroll labelled VEEGOPH NUKOEM
Okay, then.
Found a mace.
A kobold comes into view. It is wielding a +0 short sword.
The kobold moves out of view.
No target in view!
No target in view!
A ball python comes into view.
The ball python hisses angrily.
A ball python comes into view.
The kobold closely misses you.
You barely miss the kobold.
The kobold hits you with a +0 short sword.
You hit the kobold but do no damage. The kobold barely misses you.
You completely miss the kobold. You headbutt the kobold.
You kill the kobold!
Trog accepts your kill.
You barely miss the ball python.
The ball python bites you but does no damage.
The ball python grabs you. The ball python constricts you.
The ball python bites you. The ball python constricts you.
You slash the ball python!
You kill the ball python!
Trog accepts your kill. The ball python bites you. The ball python grabs you.
The ball python constricts you.
You are too injured to fight recklessly!
You are too injured to fight recklessly!
You are too injured to fight recklessly!
A ball python is nearby!
You are too injured to fight recklessly!
You hit the ball python.
The ball python is severely wounded.
The ball python bites you but does no damage.
The ball python constricts you.
You hit the ball python.
You kill the ball python!
Trog accepts your kill.
Are you sure you want to abandon this character and quit the game? (Confirm with "yes".)

.....PPPP...
...........#
...........#
..#......#
........#
#......##..
#..)†).....
#.#@.#
..######.#..#
.........#..#
..######....#
#.#....#
#.#######
#######........
#..........####
...........#


There were no monsters in sight!

Vanquished Creatures
  2 ball pythons (D:1)
  A kobold (D:1)
3 creatures vanquished.

Notes
Turn   | Place    | Note
-------+----------+-------------------------------------------
     0 | D:1      | Dawnplanks the Minotaur Berserker began the quest for the
                  | Orb.
     0 | D:1      | Reached XP level 1. HP: 19/19 MP: 0/0
    22 | D:1      | Quit the game

Illustrated notes

Levels and vault maps discovered:
D:1:      wander_arrival_lonely_grave, layout_basic,
          shapermc_ecumenical_altar_starsandcircs, nicolae_grassy_gnolls

Action                   || total
-------------------------++-------
Melee: Hand axe          ||     6
       Headbutt          ||     1
Armor: Animal skin       ||     2
Dodge: Dodged            ||     2

Table legend: (Time is in decaauts)
 A = Elapsed time spent in this place.
 B = Non-inter-level travel time spent in this place.
 C = Inter-level travel time spent in this place.
 D = Time resting spent in this place.
 E = Time spent auto-exploring this place.
 F = Levels seen in this place.
 G = Mean time per level.
                   A        B        C        D        E       F      G
               +--------+--------+--------+--------+--------+-----+--------+
         Total |     22 |     22 |      0 |      0 |      9 |   1 |   22.0 |
       Dungeon |     22 |     22 |      0 |      0 |      9 |   1 |   22.0 |
               +--------+--------+--------+--------+--------+-----+--------+

Top non-repeatable levels by time:
     D:1: 22 daAuts
